 Dungeon Crawl Stone Soup version 0.32-a0-643-ga006e7742e (webtiles) character file.

Game seed: 14490083257289049244

435300 jasper the Slayer (level 22, -10/271 HPs)
             Began as a Mountain Dwarf Fighter on Mar 7, 2024.
             Was the Champion of Okawaru.
             Killed by divine providence
             ... invoked by a living spell
             ... summoned by a walking divine tome
              (15 damage)
             ... on level 3 of the Depths.
             The game lasted 01:49:25 (48419 turns).

jasper the Slayer (Mountain Dwarf Fighter)         Turns: 48419, Time: 01:49:25

Health: -10/271    AC: 40    Str: 26    XL:     22   Next: 92%
Magic:  35/39      EV:  6    Int: 12    God:    Okawaru [******]
Gold:   2314       SH: 23    Dex: 12    Spells: 18/21 levels left

rFire   x x .        q - +9 eveningstar of Makhleb's Grace {vamp, rC++ SInv}
rCold   . . .        c - +2 tower shield
rNeg    + . .        g - +4 crystal plate armour of the Doldrums {*Corrode rPois rF+ MP+9 Dex+3}
rPois   +            Z - +2 helmet {Int+3}
rElec   +            C - +0 cloak
rCorr   +            P - +0 pair of gloves of the gadgeteer {Gadgeteer Wandboost ^Fragile}
SInv    +            T - +2 pair of boots
Will    ++++.        A - amulet "Jaodahub" {rElec Will+ Regen+} Stlth
                     u - ring of resist corrosion
HPRegen 1.45/turn    M - ring of Ibrev {Fly rC+ rN+}
MPRegen 0.26/turn

%: corrode self (3%)
@: about to teleport, finesse-ful, corroded, flying
A: runic magic, artefact enchanting, strong-willed 1, poison resistance, robust
2, devolution 1, [dopey 1], [weak 1], [no potion heal 2], [cold vulnerability
3], heat vulnerability 1[+2], [subdued magic 1], inability to read after injury
1[+1]
}: 2/15 runes: barnacled, gossamer
a: Renounce Religion, Heroism, Finesse, Duel


You were on level 3 of the Depths.
You worshipped Okawaru.
Okawaru was exalted by your worship.
You visited 8 branches of the dungeon, and saw 40 of its levels.
You visited the Abyss 1 time.
You visited 1 bazaar.
You also visited: Sewer, Ossuary, Bailey and Gauntlet.

You collected 7476 gold pieces.
You spent 5162 gold pieces at shops.

Inventory:

Hand Weapons
 f - a +5 sacred scourge of holy wrath
 q - the +9 eveningstar of Makhleb's Grace (weapon) {vamp, rC++ SInv}
   (You acquired it on level 2 of the Dungeon)

   rC++:      It greatly protects you from cold.
   SInv:      It lets you see invisible.
 O - a +8 demon whip
Missiles
 b - 11 curare-tipped darts
 m - 40 silver javelins
 H - 5 throwing nets
 V - 16 javelins
Armour
 c - a +2 tower shield (worn)
 g - the +4 crystal plate armour of the Doldrums (worn) {*Corrode rPois rF+ MP+9 Dex+3}
   (Okawaru gifted it to you on level 11 of the Dungeon)

   Dex+3:     It affects your dexterity (+3).
   rF+:       It protects you from fire.
   rPois:     It protects you from poison.
   MP+9:      It affects your magic capacity (+9).
   *Corrode:  It may corrode you when you take damage.
 C - a +0 cloak (worn)
 F - the +1 hat of Leapfrog {Fly rElec rF+ Int+3}
   (You found it in a Gauntlet)

   Int+3:     It affects your intelligence (+3).
   rF+:       It protects you from fire.
   rElec:     It insulates you from electricity.
   Fly:       It grants you flight.
 P - the +0 pair of gloves of the gadgeteer (worn) {Gadgeteer Wandboost ^Fragile}
   (You acquired it on level 2 of the Dungeon)

   Gadgeteer: Your evocable items recharge 30% faster and wands have a 30%
   chance to not spend a charge.
   Wandboost: Your wands are more powerful.
   ^Fragile:  It will be destroyed if unequipped.
 T - a +2 pair of boots (worn)
 Z - a +2 helmet of intelligence (worn)
Jewellery
 u - a ring of resist corrosion (left hand)
 A - the amulet "Jaodahub" (around neck) {rElec Will+ Regen+}
   (You found it in a bailey)

   [amulet of regeneration]

   rElec:     It insulates you from electricity.
   Will+:     It increases your willpower.
   Regen+:    It increases your rate of health regeneration.
 B - a +4 ring of protection
 I - the amulet "Qeuteimp" {rC++ Regen+ Str+4}
   (You acquired it on level 14 of the Dungeon)

   [amulet of regeneration]

   Str+4:     It affects your strength (+4).
   rC++:      It greatly protects you from cold.
   Regen+:    It increases your rate of health regeneration.
 M - the ring of Ibrev (right hand) {Fly rC+ rN+}
   (You took it off a hell knight on level 2 of the Depths)

   [ring of flight]

   rC+:       It protects you from cold.
   rN+:       It protects you from negative energy.
   Fly:       It grants you flight.
Wands
 l - a wand of warping (44)
 y - a wand of mindburst (23)
 E - a wand of flame (93)
 Q - a wand of digging (14)
 U - a wand of quicksilver (13)
 X - a wand of polymorph (20)
Scrolls
 e - 8 scrolls of revelation
 h - 5 scrolls of silence
 k - 6 scrolls of noise
 o - 3 scrolls of fear
 r - 3 scrolls of torment
 v - 3 scrolls of butterflies
 x - 10 scrolls of vulnerability
 J - 5 scrolls of blinking
 L - 8 scrolls of immolation
 R - 20 scrolls of teleportation
 W - 3 scrolls of fog
Potions
 a - 8 potions of ambrosia
 i - 4 potions of lignification
 j - 7 potions of heal wounds
 n - 8 potions of attraction
 s - 11 potions of haste
 t - 21 potions of curing
 w - 4 potions of might
 z - 11 potions of enlightenment
 G - 3 potions of resistance
 K - 7 potions of invisibility
 N - 4 potions of mutation
 Y - a potion of cancellation
Miscellaneous
 d - a lightning rod (4/4)
 p - a condenser vane (inert)
 D - a phial of floods
 S - a phantom mirror


   Skills:
 * Level 25.1 Fighting
 - Level 5.9(11.7) Axes
 - Level 15.5(16.0) Maces & Flails
 + Level 20.1 Armour
 + Level 20.0 Shields
 - Level 10.0 Air Magic
 - Level 10.7 Invocations
 + Level 17.2 Evocations


You had 18 spell levels left.
You knew the following spells:

 Your Spells              Type           Power      Damage    Failure   Level
a - Swiftness             Air            18%        N/A       3%          3

Your spell library contained the following spells:

 Spells                   Type           Power      Damage    Failure   Level
 Shock                    Conj/Air       36%        1d5       11%         1
 Airstrike                Air            9%         2d(2-18)  14%         4
 Apportation              Tloc           0%         N/A       67%         1
 Foxfire                  Conj/Fire      0%         2x1d4     67%         1
 Necrotise                Necr           0%         1d4       67%         1
 Sandblast                Erth           0%         2d4       67%         1
 Sting                    Conj/Alch      0%         1d3       67%         1
 Vhi's Electric Charge    Tloc/Air       18%        N/A       75%         4
 Jinxbite                 Hex            0%         N/A       80%         2
 Scorch                   Fire           0%         2d5       80%         2
 Sublimation of Blood     Necr           0%         N/A       80%         2
 Fugue of the Fallen      Necr           0%         N/A       96%         3
 Gell's Gravitas          Tloc           0%         N/A       96%         3
 Hailstorm                Conj/Ice       0%         3d5       96%         3
 Inner Flame              Hex/Fire       0%         N/A       96%         3
 Ozocubu's Armour         Ice            0%         N/A       96%         3
 Passwall                 Erth           0%         N/A       96%         3
 Sigil of Binding         Hex            0%         N/A       96%         3
 Stone Arrow              Conj/Erth      0%         3d7       96%         3
 Teleport Other           Tloc           0%         N/A       96%         3
 Volatile Blastmotes      Fire/Tloc      0%         2d10      96%         3
 Arcjolt                  Conj/Air       4%         1d14      98%         5
 Silence                  Hex/Air        4%         N/A       98%         5
 Brom's Barrelling Bould  Conj/Erth      0%         2d3       100%        4
 Dimensional Bullseye     Hex/Tloc       0%         N/A       100%        4
 Flame Wave               Conj/Fire      0%         2d4       100%        4
 Leda's Liquefaction      Alch/Erth      0%         N/A       100%        4
 Manifold Assault         Tloc           0%         N/A       100%        4
 Petrify                  Alch/Erth      0%         N/A       100%        4
 Sticky Flame             Fire/Alch      0%         2d4       100%        4
 Alistair's Intoxication  Alch           0%         N/A       100%        5
 Borgnjor's Vile Clutch   Necr/Erth      0%         N/A       100%        5
 Curse of Agony           Necr           0%         N/A       100%        5
 Fireball                 Conj/Fire      0%         3d3       100%        5
 Irradiate                Conj/Alch      0%         3d11      100%        5
 Iskenderun's Battlesphe  Conj           0%         2d6       100%        5
 Metabolic Englaciation   Hex/Ice        0%         N/A       100%        5
 Yara's Violent Unravell  Hex/Alch       0%         3d3       100%        5
 Bombard                  Conj/Erth      0%         9d1       100%        6
 Dispersal                Tloc           0%         N/A       100%        6
 Eringya's Noxious Bog    Alch           0%         4d6       100%        6
 Plasma Beam              Fire/Air       4%         2x1d14    100%        6
 Starburst                Conj/Fire      0%         6d3       100%        6
 Ignition                 Fire           0%         3d3       100%        8
 Lehudib's Crystal Spear  Conj/Erth      0%         10d2      100%        8
 Maxwell's Capacitive Co  Air            9%         ∞         100%        8
 Summon Small Mammal      Summ           Unusable   N/A       N/A         1
 Call Canine Familiar     Summ           Unusable   N/A       N/A         3
 Summon Ice Beast         Ice/Summ       Unusable   N/A       N/A         3
 Animate Armour           Summ/Erth      Unusable   N/A       N/A         4
 Animate Dead             Necr           Unusable   N/A       N/A         4
 Summon Mana Viper        Hex/Summ       Unusable   N/A       N/A         5
 Sculpt Simulacrum        Ice/Alch       Unusable   N/A       N/A         6
 Haunt                    Necr/Summ      Unusable   N/A       N/A         7
 Spellforged Servitor     Conj/Summ      Unusable   N/A       N/A         7
 Infestation              Necr           Unusable   N/A       N/A         8

Dungeon Overview and Level Annotations

Branches:
Dungeon (15/15)            Temple (0/1) D:4            Lair (5/5) D:8
 Shoals (4/4) Lair:2       Spider (4/4) Lair:2        Slime (0/5) Lair:5
    Orc (2/2) D:10            Elf (3/3) Orc:2        Vaults (4/5) D:14
  Crypt (0/3) Vaults:2     Depths (3/4) D:15          Sewer (visited)
Ossuary (visited)          Bailey (visited)         Gauntlet (visited)

Altars:
Cheibriados
Dithmenos
Elyvilon
Gozag
Hepliaklqana
Makhleb
Nemelex Xobeh
Okawaru
Qazlal
Ru
Sif Muna
Trog
Wu Jian
Jiyva
Lugonu

Shops:
D:1 *   D:2 *?((   D:8 [   Orc:2 (=[:*   Elf:1 *   Elf:3 *   Shoals:2 =
Vaults:3 [*=

Portals:
Hell: Depths:2
Abyss: Depths:2
Pandemonium: Depths:1 Depths:2
Ziggurat: Depths:2

Annotations:
D:7 1 runed translucent door, kd29's ghost, novice MDFE
Shoals:1 2 transporters, exclusion: oklob plant, adelrune's ghost, adept CoHu
Spider:2 Roxanne
Elf:2 3 runed translucent doors
Elf:3 1 exclusion
Depths:1 exclusion: ice statue


Innate Abilities, Weirdness & Mutations

Your spellcasting is much less encumbered by armour.
You can use scrolls of enchantment on lesser artefacts.
You are strong-willed. (Will+)
Your system is resistant to poisons. (rPois)
You are very robust. (+20% HP)
You have hidden genetic defects.
[You are dopey. (Int -2)]
[You are weak. (Str -2)]
[Potions cannot restore your health.]
[You are extremely vulnerable to cold. (rC---)]
[You are extremely vulnerable to heat. (rF---)]
[Your spells are a little easier to cast, but a little less powerful.]
[You sometimes lose the ability to read scrolls when taking damage.]


Message History

The living spell casts itself at you. Something smites you!
* * * LOW HITPOINT WARNING * * *
The living spell casts itself at you. Something smites you!
* * * LOW HITPOINT WARNING * * *
The spatial maelstrom hits you but does no damage.
You block the spatial maelstrom's attack.
You take 26 damage, and have 41/271 hp.
You closely miss the spriggan defender.
The spriggan defender is heavily wounded.
You block the ynoxinul's attack.
As you read the scroll of teleportation, it crumbles to dust.
You feel strangely unstable.
You block the spriggan defender's attack.
You block the spatial maelstrom's attack. x2
The walking divine tome hits you but does no damage.
The spriggan defender hits you but does no damage.
Space warps horribly around you!
* * * LOW HITPOINT WARNING * * *
The living spell casts itself at you. Something smites you!
* * * LOW HITPOINT WARNING * * *
The living spell casts itself at you. Something smites you!
* * * LOW HITPOINT WARNING * * *
The ynoxinul hits you but does no damage.
You take 38 damage, and have 3/271 hp.
Okay, then.
Unknown command.
Blink to where?
Press: ? - help, Dir - move target A walking divine tome comes into view.
As you read the scroll of blinking, it crumbles to dust.
The walking divine tome's pages rustle loudly.
The walking divine tome erupts in a flurry of living spells! x2
The walking divine tome erupts in a flurry of living spells!
The living spell casts itself at you. Something smites you!
You die...

v##...#
##....##...#..#.#..#
.......... #3###....#
......)...##;.###$$##
.........##..#*#.##.#
.........#.*#i..####..
......##.#..###..###
##...#.#..##..##..##
#...@#..###...##...##
#...#)###.^...##.....
#...##.......#..#....
##.#...*.....#..#....
#.....#*.*..........
####...#;*..#.......
###...######...#.
####*.....#####
......#####


You could see a walking divine tome and 5 living smiting commandments.

Vanquished Creatures
  An ancient lich (Depths:2)
  A juggernaut (Depths:3)
  Mennas (Vaults:3)
  Sojobo (Vaults:4)
  Saint Roka (Depths:2)
  2 caustic shrikes
  Nikola (Depths:1)
  2 golden dragons (Depths:3)
  Arachne (Spider:2)
  A bone dragon (Abyss:3)
  A tentacled monstrosity (Depths:3)
  An Ice Fiend (Depths:1)
  4 liches
  2 deep elf master archers (Elf:3)
  A deep elf blademaster (Elf:3)
  5 sphinxes
  2 titans
  A walking frostbound tome (Depths:2)
  An Executioner (Abyss:3)
  Agnes (Spider:4)
  A shadow dragon (Depths:1)
  Donald (Spider:3)
  2 tengu reavers (Vaults:4)
  Ilsuiw (Shoals:2)
  8 fire giants
  An iron dragon (Depths:2)
  A balrug (Depths:2)
  4 frost giants
  5 emperor scorpions
  Louise (Elf:3)
  3 deep elf elementalists (Elf:3)
  3 orc warlords
  5 deep elf sorcerers
  3 formless jellyfish
  5 ghost moths
  18 vault wardens
  19 slime creatures
  15 very ugly things
  A cacodemon (Abyss:3)
  A spriggan defender (Depths:3)
  15 stone giants
  6 vampire knights
  7 broodmothers
  15 ironbound preservers
  6 ironbound thunderhulks
  3 minotaurs
  The ghost of growler the Fighter, a journeyman CoAr of Wu Jian (Lair:4)
  4 deep elf death magi (Elf:3)
  2 deep elf demonologists
  The ghost of Agan the Black Belt, a journeyman MeSh (Lair:4)
  5 spark wasps (Depths:3)
  17 dire elephants
  A bunyip (Abyss:2)
  3 war gargoyles
  11 deep elf annihilators (Elf:3)
  Snorg (D:11)
  5 ettins
  3 crystal guardians
  2 merfolk impalers (Shoals:3)
  2 merfolk javelineers
  A green death (Abyss:3)
  An entropy weaver (shapeshifter) (Elf:1)
  7 yaktaur captains
  5 entropy weavers
  2 deep elf high priests (Elf:3)
  3 fire dragons
  2 jiangshi (Depths:2)
  Harold (Lair:2)
  12 vault guards
  4 great orbs of eyes
  3 hydras
  Erolcha (D:11)
  A spriggan air mage (Depths:3)
  4 rakshasas
  4 ice dragons
  5 jorogumos
  3 peacekeepers
  9 boulder beetles
  8 ironbound frosthearts
  An ogre mage (D:15)
  An alligator snapping turtle (Shoals:3)
  5 radroaches
  13 satyrs
  11 dancing weapons
  12 centaur warriors
  4 deep troll earth magi
  8 two-headed ogres
  A deep troll shaman (Depths:2)
  A death scarab (Spider:4)
  A thrashing horror (Abyss:3)
  3 tengu warriors (D:15)
  An occultist (Depths:1)
  2 vampire magi
  12 demonic crawlers
  Urug (Lair:1)
  6 orc high priests
  3 spriggans (Depths:3)
  7 deep elf knights
  3 iron trolls
  6 skysharks
  A wretched star (Abyss:3)
  6 hell knights
  A spatial maelstrom (Abyss:3)
  11 pharaoh ants
  A sixfirhy (Depths:2)
  Amaemon (Lair:2)
  10 sea snakes
  15 orb spiders
  2 spriggan druids (Elf:1)
  40 deep trolls
  A flayed ghost (Depths:2)
  11 arcanists
  6 glowing orange brains
  2 goliath frogs (Lair:5)
  3 thermic dynamos (Elf:1)
  24 harpies
  5 deep elf archers
  A golden dragon skeleton (Depths:1)
  26 lindwurms
  6 steelbarb worms
  2 phantasmal warriors (Depths:2)
  20 ironbound convokers
  14 deep elf pyromancers
  2 necromancers
  22 deep elf zephyrmancers
  7 orc sorcerers
  19 wolf spiders
  16 fauns
  16 orc knights
  7 cyclopes
  A worldbinder (Abyss:3)
  29 ugly things
  4 meliai
  2 stone giant zombies
  20 manticores
  4 moths of wrath
  9 large abominations
  2 rust devils
  10 merfolk sirens
  19 vault sentinels
  A black mamba (shapeshifter) (Elf:1)
  2 kobold blastminers (Orc:1)
  7 smoke demons
  2 black mambas
  A guardian serpent (D:11)
  An elf skeleton (Vaults:4)
  7 water nymphs
  A human skeleton (Vaults:4)
  6 torpor snails
  21 elephants
  19 cane toads
  Maggie (D:8)
  2 unseen horrors
  An orange demon (Lair:2)
  3 ice devils (Depths:1)
  A tormentor (Depths:1)
  2 rime drakes (Lair:2)
  40 yaktaurs
  Jeremiah (D:6)
  5 freezing wraiths
  5 komodo dragons
  Psyche (D:11)
  A spriggan skeleton (Depths:1)
  2 tengu conjurers
  9 wind drakes
  3 polar bears
  20 merfolk
  5 trolls
  3 tyrant leeches (Lair:5)
  3 hornets (Depths:3)
  42 tarantellas
  A tarantella (shapeshifter) (Elf:1)
  An ettin zombie (Vaults:4)
  A glass eye (Depths:2)
  25 blink frogs
  A frost giant simulacrum (Depths:1)
  8 dream sheep (Shoals:3)
  11 snapping turtles
  Sigmund (D:3)
  2 shadows
  2 air elementals (Elf:2)
  38 jumping spiders
  2 small abominations (Abyss:3)
  28 culicivoras
  A vampire (D:11)
  10 water elementals
  46 yaks
  2 wyverns
  3 basilisks
  A fire elemental (Abyss:2)
  5 humans (D:14)
  2 neqoxecs (Abyss:3)
  A human (shapeshifter) (D:13)
  3 fire bats
  5 steam dragons
  6 wraiths
  A redback (shapeshifter) (Elf:1)
  10 vampire mosquitoes
  2 wargs (Orc:1)
  48 redbacks
  Menkaure (D:4)
  2 acid dragons
  10 water moccasins
  3 sky beasts
  A spriggan simulacrum (Depths:1)
  40 orc warriors
  11 laughing skulls
  A black bear (Lair:1)
  5 ice beasts
  3 boggarts (Vaults:3)
  12 centaurs
  10 ogres
  14 wolves
  2 phantoms
  3 brain worms
  12 bullfrogs
  An earth elemental (Elf:3)
  3 scorpions (D:5)
  14 wights
  9 killer bees
  8 howler monkeys
  4 electric eels
  2 bombardier beetles
  A quasit (Abyss:3)
  10 hounds
  18 orc priests
  5 gnoll boudas
  3 jellies
  An iron imp (Abyss:3)
  A sleepcap (D:6)
  18 starcursed masses (Abyss:3)
  Jessica (D:3)
  10 iguanas
  15 orc wizards
  8 mummies (Ossuary)
  12 gnolls
  2 river rats (D:3)
  12 adders
  2 shadow imps (Gauntlet)
  5 white imps
  2 ufetubi
  2 ribbon worms
  10 dart slugs
  95 orcs
  13 ball pythons
  11 bats
  10 endoplasms
  7 giant cockroaches
  3 gnoll zombies (Ossuary)
  9 goblins
  10 hobgoblins
  10 jackals
  5 quokkas
  4 frilled lizards
  2 hobgoblin zombies (Ossuary)
  11 kobolds
  3 kobold zombies (Ossuary)
  12 rats
1814 creatures vanquished.

Vanquished Creatures (others)
  2 deep elf knights (Elf:1)
  2 deep elf zephyrmancers
  A tormentor (Abyss:3)
  2 jumping spiders (Spider:3)
  2 culicivoras
  2 fire bats (Abyss:3)
  A human (D:14)
  A fire elemental (Elf:1)
  2 chaos spawn (Abyss:3)
  An orc priest (Depths:2)
  An orc wizard (Orc:1)
17 creatures vanquished.

Grand Total: 1831 creatures vanquished

Notes
Turn   | Place    | Note
-------+----------+-------------------------------------------
     0 | D:1      | jasper the Mountain Dwarf Fighter began the quest for the
                  | Orb.
     0 | D:1      | Reached XP level 1. HP: 19/19 MP: 1/1
   117 | D:1      | You fall into a shaft and drop 1 floor!
   197 | D:1      | Reached XP level 2. HP: 26/26 MP: 2/2
  1001 | D:1      | Found Qiol's General Store.
  1116 | D:1      | Reached XP level 3. HP: 31/31 MP: 3/3
  1470 | D:1      | Bought a scroll of identify for 26 gold pieces
  1710 | D:2      | Reached skill level 5 in Axes
  1727 | D:2      | Reached XP level 4. HP: 15/38 MP: 4/4
  1937 | D:2      | Found Rekyoc's Antique Weapon Emporium.
  2010 | D:2      | Identified the +1 sling of Suse {elec, ^Contam rPois rF+
                  | Will+}
  2089 | D:2      | Found Marappok's Magic Scroll Boutique.
  2098 | D:2      | Bought a scroll of fear for 40 gold pieces
  2167 | D:2      | Found Sighomar's Assorted Antiques.
  2179 | D:2      | Bought a scroll labelled BAEZYPS KYRONU for 20 gold pieces
  2179 | D:2      | Acquired the +7 eveningstar of Makhleb's Grace {vamp, rC++
                  | SInv}
  2250 | D:2      | Found Xauk's Weapon Emporium.
  2361 | D:2      | Gained mutation: You are frail. (-10% HP) [mutagenic glow]
  2457 | D:3      | Reached skill level 1 in Maces & Flails
  2584 | D:3      | Noticed Sigmund
  2592 | D:3      | Reached XP level 5. HP: 40/40 MP: 5/5
  2603 | D:3      | Killed Sigmund
  2604 | D:3      | Reached skill level 5 in Maces & Flails
  2604 | D:3      | Reached XP level 6. HP: 31/45 MP: 6/6
  2731 | D:3      | Found an opulent altar of Gozag.
  2814 | D:3      | Noticed Jessica
  2966 | D:3      | Found a white marble altar of Elyvilon.
  3044 | D:3      | Found a glowing drain.
  3052 | Sewer    | Entered a sewer
  3866 | D:3      | Killed Jessica
  3956 | D:2      | Bought a viscous pink potion for 18 gold pieces
  3956 | D:2      | Bought a scroll labelled ULILEO XEZUSM for 20 gold pieces
  3956 | D:2      | Bought a twisted lead wand for 80 gold pieces
  3956 | D:2      | Bought a scroll labelled ULILEO XEZUSM for 20 gold pieces
  4034 | D:4      | Reached XP level 7. HP: 51/51 MP: 7/7
  4227 | D:4      | Found an iron altar of Okawaru.
  4242 | D:4      | Became a worshipper of Warmaster Okawaru
  4534 | D:4      | Noticed Menkaure
  4538 | D:4      | Killed Menkaure
  4708 | D:4      | Found a staircase to the Ecumenical Temple.
  5006 | D:5      | Entered Level 5 of the Dungeon
  5159 | D:5      | Found a sand-covered staircase.
  5166 | D:5      | Reached XP level 8. HP: 59/59 MP: 8/8
  5167 | Ossuary  | Entered an ossuary
  5206 | Ossuary  | Reached * piety under Okawaru
  5342 | Ossuary  | Reached skill level 4 in Fighting
  5727 | D:5      | Identified the +1 robe of Responsibility {Rampage rPois
                  | Int+2 Stlth-}
  5791 | D:5      | Reached skill level 10 in Maces & Flails
  6033 | D:5      | Reached skill level 5 in Fighting
  6033 | D:5      | Reached skill level 5 in Armour
  6040 | D:5      | Reached ** piety under Okawaru
  6060 | D:5      | Reached XP level 9. HP: 61/66 MP: 9/9
  6450 | D:6      | Noticed Jeremiah
  6479 | D:6      | Killed Jeremiah
  6480 | D:6      | Reached skill level 6 in Fighting
  6558 | D:6      | Reached *** piety under Okawaru
  6634 | D:6      | Found an ornate altar of the Wu Jian Council.
  6669 | D:6      | Identified the +1 dagger of the Cursing Visionary {flame,
                  | *Rage +Blink rF+ rCorr}
  7134 | D:6      | Found a hazy altar of Hepliaklqana.
  7466 | D:6      | Reached skill level 7 in Fighting
  7578 | D:7      | Reached XP level 10. HP: 77/77 MP: 10/10
  7733 | D:7      | Found a snail-covered altar of Cheibriados.
  7743 | D:7      | Lost mutation: You are frail. (-10% HP) [potion of
                  | mutation]
  7743 | D:7      | Gained mutation: You are strong-willed. (Will+) [potion of
                  | mutation]
  7743 | D:7      | Gained mutation: Your system is resistant to poisons.
                  | (rPois) [potion of mutation]
  7743 | D:7      | Gained mutation: You are robust. (+10% HP) [potion of
                  | mutation]
  7743 | D:7      | Gained mutation: You are very robust. (+20% HP) [potion of
                  | mutation]
  7819 | D:7      | Noticed kd29's ghost (novice MDFE)
  7842 | D:7      | Found a runed translucent door.
  8054 | D:2      | Bought a scroll of acquirement for 520 gold pieces
  8054 | D:2      | Acquired the +0 pair of gloves of the gadgeteer {Gadgeteer
                  | Wandboost ^Fragile}
  8054 | D:2      | Found the +0 pair of gloves of the gadgeteer {Gadgeteer
                  | Wandboost ^Fragile}
  8307 | D:8      | Reached **** piety under Okawaru
  8326 | D:8      | Reached skill level 1 in Invocations
  8327 | D:8      | Found a stormy altar of Qazlal.
  8465 | D:8      | Found Raishu's Antique Armour Shop.
  8628 | D:8      | Reached skill level 5 in Invocations
  8858 | D:8      | Noticed a boulder beetle
  8896 | D:8      | Killed a boulder beetle
  8896 | D:8      | Reached ***** piety under Okawaru
  8934 | D:8      | Found a staircase to the Lair.
  8941 | D:8      | Received a gift from Okawaru
  9030 | D:8      | Identified the +1 morningstar "Yssasa Ikyc" {drain, rCorr
                  | Int+2 SInv}
  9110 | D:8      | Noticed Maggie
  9129 | D:8      | Killed Maggie
  9236 | D:8      | Found a sparkling altar of Nemelex Xobeh.
  9549 | D:9      | Found a flagged portal.
  9567 | Bailey   | Entered a bailey
  9763 | Bailey   | Noticed an orc knight
  9786 | Bailey   | an orc knight changed into a tarantella
  9871 | Bailey   | Reached skill level 8 in Fighting
  9896 | Bailey   | Identified the amulet "Jaodahub" {rElec Will+ Regen+}
 10046 | D:9      | Reached XP level 11. HP: 112/112 MP: 17/17
 10089 | D:9      | Found a shadowy altar of Dithmenos.
 10126 | D:9      | Noticed a two-headed ogre
 10135 | D:9      | Killed a two-headed ogre
 10529 | D:10     | Entered Level 10 of the Dungeon
 10563 | D:10     | Found a staircase to the Orcish Mines.
 10916 | D:10     | Found a burning altar of Makhleb.
 11057 | D:10     | Reached skill level 15 in Maces & Flails
 11067 | D:10     | Reached skill level 5 in Shields
 11373 | D:11     | Noticed Psyche
 11376 | D:11     | Killed Psyche
 11671 | D:11     | Noticed Sonja
 11672 | D:11     | Sonja changed into Sonja the guardian serpent
 11672 | D:11     | Noticed Sonja
 11682 | D:11     | Killed Sonja the guardian serpent
 11784 | D:11     | Noticed a two-headed ogre
 11790 | D:11     | Killed a two-headed ogre
 11853 | D:11     | Reached ****** piety under Okawaru
 11853 | D:11     | Received a gift from Okawaru
 11862 | D:11     | Acquired a +2 eveningstar of freezing
 11862 | D:11     | Received a gift from Okawaru
 11864 | D:11     | Acquired the +0 crystal plate armour of the Doldrums
                  | {*Corrode rPois rF+ MP+9 Dex+3}
 11864 | D:11     | Received a gift from Okawaru
 12082 | D:11     | Noticed Erolcha
 12092 | D:11     | Killed Erolcha
 12093 | D:11     | Reached skill level 1 in Evocations
 12287 | D:11     | Noticed Snorg
 12312 | D:11     | Killed Snorg
 12522 | Lair:1   | Entered Level 1 of the Lair of Beasts
 12581 | Lair:1   | Found a gate leading to a gauntlet.
 12622 | Gauntlet | Entered a Gauntlet
 12622 | Gauntlet | Found a transporter.
 12622 | Gauntlet | Found a transporter.
 12626 | Gauntlet | Found a transporter.
 12626 | Gauntlet | Found a transporter.
 12627 | Gauntlet | Noticed a soul eater
 12628 | Gauntlet | Found a large runed translucent door.
 12629 | Gauntlet | Found a large runed translucent door.
 12630 | Gauntlet | Found a large runed translucent door.
 12630 | Gauntlet | Found a large runed translucent door.
 12630 | Gauntlet | Found a runed translucent door.
 12630 | Gauntlet | Found a runed translucent door.
 12631 | Gauntlet | Found a large runed translucent door.
 12631 | Gauntlet | Found a large runed translucent door.
 12631 | Gauntlet | Found a large runed translucent door.
 12631 | Gauntlet | Found a large runed translucent door.
 12631 | Gauntlet | Noticed an arcanist
 12632 | Gauntlet | Found a large runed translucent door.
 12632 | Gauntlet | Found a large runed translucent door.
 12632 | Gauntlet | Noticed a blizzard demon
 12633 | Gauntlet | Found a large runed translucent door.
 12633 | Gauntlet | Found a large runed translucent door.
 12634 | Gauntlet | Found a runed translucent gate.
 12634 | Gauntlet | Found a runed translucent gate.
 12634 | Gauntlet | Noticed a sixfirhy
 12636 | Gauntlet | Noticed a sixfirhy
 12642 | Gauntlet | Found a transporter.
 12642 | Gauntlet | Noticed an arcanist
 12645 | Gauntlet | Noticed an arcanist
 12646 | Gauntlet | Found a transporter.
 12646 | Gauntlet | Found a transporter.
 12649 | Gauntlet | Found a transporter.
 12650 | Gauntlet | Found a runed translucent gate.
 12652 | Gauntlet | Found a large runed translucent door.
 12653 | Gauntlet | Found a large runed translucent door.
 12655 | Gauntlet | Found a transporter.
 12663 | Gauntlet | Noticed a death drake
 12689 | Gauntlet | Found a transporter.
 12707 | Gauntlet | Found a transporter.
 12728 | Gauntlet | Found a large runed translucent door.
 12729 | Gauntlet | Found a large runed translucent door.
 12729 | Gauntlet | Found a transporter.
 12734 | Gauntlet | Noticed a cyan ugly thing
 12736 | Gauntlet | Noticed a glowing orange brain
 12775 | Gauntlet | Found a transporter.
 12777 | Gauntlet | Noticed a glowing orange brain
 12791 | Gauntlet | Found a transporter.
 12891 | Gauntlet | Found a transporter.
 12896 | Gauntlet | Noticed a death drake
 12907 | Gauntlet | Found a transporter.
 12997 | Gauntlet | Killed an arcanist
 12997 | Gauntlet | Received a gift from Okawaru
 12998 | Gauntlet | Reached XP level 12. HP: 123/123 MP: 18/18
 13050 | Gauntlet | Reached skill level 9 in Fighting
 13056 | Gauntlet | Identified the +1 hat of Leapfrog {Fly rElec rF+ Int+3}
 13113 | Gauntlet | Identified the ring "Dutap" {Ice *Slow rElec Int+7 SInv}
 13135 | Gauntlet | Noticed a minotaur
 13151 | Gauntlet | Killed a minotaur
 13156 | Gauntlet | Identified the +9 rapier of Esunicut {holy, +Blink rF+
                  | Str-5 Int+3}
 13156 | Gauntlet | Identified the +1 robe of the Thirteen Wars {rC+}
 13272 | Lair:1   | Reached skill level 5 in Evocations
 13448 | Lair:1   | Noticed Urug
 13456 | Lair:1   | Killed Urug
 13456 | Lair:1   | Received a gift from Okawaru
 13539 | Lair:1   | Reached skill level 10 in Fighting
 13551 | Lair:1   | Reached skill level 10 in Armour
 14103 | Lair:2   | Noticed Amaemon
 14108 | Lair:2   | Noticed a boulder beetle
 14115 | Lair:2   | Killed Amaemon
 14153 | Lair:2   | Killed a boulder beetle
 14220 | Lair:2   | Identified the +10 war axe of the Final Decision {holy,
                  | Dex+3}
 14274 | Lair:2   | Found a hole to the Spider Nest.
 14292 | Lair:2   | Noticed Harold
 14306 | Lair:2   | Killed Harold
 14307 | Lair:2   | Reached XP level 13. HP: 138/138 MP: 19/19
 14433 | Lair:2   | Reached skill level 11 in Fighting
 14798 | Lair:2   | Found a staircase to the Shoals.
 15136 | Lair:3   | Received a gift from Okawaru
 16029 | Lair:4   | Reached skill level 12 in Fighting
 16092 | Lair:4   | Received a gift from Okawaru
 16346 | Lair:4   | Found a runed translucent gate.
 16347 | Lair:4   | Found a runed translucent gate.
 16348 | Lair:4   | Found a runed translucent gate.
 16349 | Lair:4   | Noticed Agan's ghost (journeyman MeSh)
 16350 | Lair:4   | Noticed growler's ghost (journeyman CoAr)
 16760 | Lair:4   | Killed growler's ghost
 16781 | Lair:4   | Killed Agan's ghost
 16860 | Lair:5   | Entered Level 5 of the Lair of Beasts
 16955 | Lair:5   | Reached skill level 13 in Fighting
 16994 | Lair:5   | Received a gift from Okawaru
 17144 | Lair:5   | Reached XP level 14. HP: 153/154 MP: 20/20
 17225 | Lair:5   | Received a gift from Okawaru
 17555 | Lair:5   | Reached skill level 14 in Fighting
 17706 | Lair:5   | Reached skill level 10 in Evocations
 17887 | Lair:5   | Found a viscous altar of Jiyva.
 17888 | Lair:5   | Found a staircase to the Slime Pits.
 18184 | Orc:1    | Entered Level 1 of the Orcish Mines
 18393 | Orc:2    | Entered Level 2 of the Orcish Mines
 18402 | Orc:2    | Noticed an orc warlord
 18414 | Orc:2    | Received a gift from Okawaru
 18630 | Orc:1    | Killed an orc warlord
 18733 | Orc:2    | Found Zerutzel's General Store.
 18969 | Orc:2    | Reached skill level 15 in Fighting
 19137 | Orc:1    | Received a gift from Okawaru
 19276 | Orc:2    | Bought a potion of curing for 33 gold pieces
 19276 | Orc:2    | Bought a scroll of immolation for 44 gold pieces
 19345 | Orc:2    | Found Pumahe's Book Shoppe.
 19400 | Orc:2    | Found Cih Yrghe's Jewellery Boutique.
 19427 | Orc:2    | Found Xoworr's Antique Armour Shoppe.
 19435 | Orc:2    | Bought a pair of glowing boots for 232 gold pieces
 19505 | Orc:2    | Found Xehoggev's Antique Weapon Shop.
 19509 | Orc:2    | Found a staircase to the Elven Halls.
 20780 | D:13     | Reached XP level 15. HP: 171/171 MP: 21/21
 20880 | D:13     | Received a gift from Okawaru
 20881 | D:13     | Reached skill level 16 in Fighting
 20908 | D:13     | Found an ornate altar of the Wu Jian Council.
 21109 | D:13     | HP: 3/172 [titanic slime creature (65)]
 21912 | D:14     | Acquired the amulet "Qeuteimp" {rC++ Regen+ Str+4}
 22538 | D:14     | Received a gift from Okawaru
 22795 | D:14     | Identified the +7 great sword of Moral Flaws {freeze,
                  | Str+2}
 22885 | D:14     | Found a gate to the Vaults.
 23556 | D:15     | Entered Level 15 of the Dungeon
 23671 | D:15     | Reached skill level 17 in Fighting
 23764 | D:15     | Received a gift from Okawaru
 24064 | D:15     | Reached skill level 15 in Armour
 24277 | D:15     | Found a staircase to the Depths.
 24393 | D:15     | Reached skill level 10 in Shields
 24905 | Spider:1 | Entered Level 1 of the Spider Nest
 25074 | Spider:1 | Received a gift from Okawaru
 25442 | Spider:1 | Reached XP level 16. HP: 186/186 MP: 22/22
 25446 | Spider:1 | Learned a level 3 spell: Swiftness
 25878 | Spider:2 | Noticed Roxanne
 25941 | Spider:2 | Received a gift from Okawaru
 26551 | Spider:2 | Noticed Arachne
 26599 | Spider:2 | Killed Arachne
 26599 | Spider:2 | Received a gift from Okawaru
 26901 | Spider:2 | Reached skill level 15 in Shields
 27454 | Spider:3 | Received a gift from Okawaru
 27872 | Spider:3 | Noticed Donald
 27893 | Spider:3 | Killed Donald
 28162 | Spider:4 | Entered Level 4 of the Spider Nest
 28275 | Spider:4 | Received a gift from Okawaru
 28327 | Spider:4 | Reached skill level 1 in Air Magic
 28395 | Spider:4 | Reached XP level 17. HP: 114/185 MP: 23/23
 28464 | Spider:4 | Reached skill level 18 in Fighting
 28587 | Spider:4 | Noticed Agnes
 28615 | Spider:4 | Killed Agnes
 28895 | Spider:4 | Got a gossamer rune of Zot
 28926 | Spider:4 | Received a gift from Okawaru
 29132 | Spider:4 | Reached skill level 5 in Air Magic
 29213 | Spider:4 | Paralysed by a jorogumo for 2 turns
 29601 | Spider:4 | Received a gift from Okawaru
 30391 | Shoals:1 | Entered Level 1 of the Shoals
 30437 | Shoals:1 | Found a transporter.
 30443 | Shoals:1 | Found a bloodstained altar of Trog.
 30443 | Shoals:1 | Noticed adelrune's ghost (adept CoHu)
 30516 | Shoals:1 | Found a transporter.
 30590 | Shoals:1 | Got the Atlas of the Blistering Iceberg
 30859 | Shoals:1 | Received a gift from Okawaru
 30913 | Shoals:1 | Found a shimmering blue altar of Sif Muna.
 31141 | Shoals:2 | Found Dyobb's One-of-a-Kind Rings.
 31570 | Shoals:2 | Noticed Ilsuiw
 31595 | Shoals:2 | Killed Ilsuiw
 32115 | Shoals:3 | Reached XP level 18. HP: 181/206 MP: 24/24
 32226 | Shoals:3 | Received a gift from Okawaru
 32227 | Shoals:3 | Reached skill level 10 in Air Magic
 32794 | Shoals:4 | Entered Level 4 of the Shoals
 32890 | Shoals:4 | Received a gift from Okawaru
 33248 | Shoals:4 | Got a barnacled rune of Zot
 33340 | Shoals:4 | Identified the +5 war axe "Ikhlam" {distort, Dex+3 SInv}
 33351 | Shoals:4 | Received a gift from Okawaru
 33897 | Elf:1    | Entered Level 1 of the Elven Halls
 33937 | Elf:1    | Reached skill level 19 in Fighting
 34045 | Elf:1    | Found Zihaot's Assorted Antiques.
 34056 | Elf:1    | Reached skill level 10 in Invocations
 34072 | Elf:1    | Bought a potion of curing for 90 gold pieces
 34072 | Elf:1    | Bought a potion of heal wounds for 150 gold pieces
 34072 | Elf:1    | Bought an embroidered scarf for 240 gold pieces
 34072 | Elf:1    | Bought a wand of warping (7) for 504 gold pieces
 34089 | Elf:1    | Got the Encyclopedia of Sand
 34096 | Elf:1    | Got Ts'ui Pên's Parchment of Forking Paths
 34146 | Elf:1    | Received a gift from Okawaru
 35036 | Elf:2    | Paralysed by an air elemental for 1 turns
 35041 | Elf:2    | Paralysed by an air elemental for 1 turns
 35181 | Elf:2    | Found a runed translucent gate.
 35181 | Elf:2    | Found a runed translucent gate.
 35182 | Elf:2    | Found a runed translucent gate.
 35350 | Elf:3    | Entered Level 3 of the Elven Halls
 35351 | Elf:3    | Found Ceonusyrch's Assorted Antiques.
 35385 | Elf:3    | Found a flickering gateway to a bazaar.
 35400 | Bazaar   | Entered a bazaar
 35400 | Bazaar   | Found Viataid's Distillery.
 35407 | Bazaar   | Found Rymunan's Magic Scroll Shop.
 35422 | Bazaar   | Found Qeniaq's Antique Armour Emporium.
 35438 | Bazaar   | Found Voleo's Assorted Antiques.
 35474 | Bazaar   | Bought a potion of ambrosia for 64 gold pieces
 35474 | Bazaar   | Bought a potion of resistance for 80 gold pieces
 35474 | Bazaar   | Bought a potion of heal wounds for 40 gold pieces
 35474 | Bazaar   | Bought a potion of curing for 24 gold pieces
 35474 | Bazaar   | Bought a potion of heal wounds for 40 gold pieces
 35474 | Bazaar   | Bought a potion of curing for 24 gold pieces
 35474 | Bazaar   | Bought a potion of heal wounds for 40 gold pieces
 35482 | Bazaar   | Bought a scroll of vulnerability for 36 gold pieces
 35482 | Bazaar   | Bought a scroll of teleportation for 27 gold pieces
 35482 | Bazaar   | Bought a scroll of acquirement for 468 gold pieces
 35482 | Bazaar   | Bought a scroll of enchant armour for 67 gold pieces
 35485 | Bazaar   | Acquired 938 gold pieces
 35512 | Bazaar   | Bought a thin runed staff for 288 gold pieces
 35512 | Bazaar   | Bought a wand of mindburst (4) for 134 gold pieces
 35512 | Bazaar   | Bought a wand of digging (3) for 302 gold pieces
 35512 | Bazaar   | Bought a potion of curing for 72 gold pieces
 35602 | Elf:3    | Reached XP level 19. HP: 219/219 MP: 26/26
 35807 | Elf:3    | Received a gift from Okawaru
 35848 | Elf:3    | Noticed Louise
 35892 | Elf:3    | Killed Louise
 35934 | Elf:3    | Bought a potion of haste for 290 gold pieces
 35934 | Elf:3    | Bought a scroll of blinking for 217 gold pieces
 35934 | Elf:3    | Bought a scroll of silence for 275 gold pieces
 36627 | Elf:3    | Received a gift from Okawaru
 36648 | Elf:3    | Identified the +5 scimitar of Etuluss {venom, rF+ rC- Will+
                  | Str+2}
 36657 | Elf:3    | Reached skill level 20 in Fighting
 36828 | Elf:3    | Identified the +8 great mace "Ivieziur" {flame, Int+2
                  | Dex+5}
 36906 | Elf:3    | Identified the +9 long sword "Nurapp" {drain, ^Contam rF+
                  | Str+2 Dex+6}
 36957 | Elf:3    | Identified the +8 plate armour "Emeifop" {rC+ Dex+5}
 36965 | Elf:3    | Identified the +4 flail of Karma {flame, Int+3 Dex+2}
 36982 | Elf:3    | Identified the +5 scimitar of Duty {flame, Str+4 Int+3}
 37464 | Vaults:1 | Entered Level 1 of the Vaults
 37564 | Vaults:1 | Received a gift from Okawaru
 37986 | Vaults:1 | Received a gift from Okawaru
 38363 | Vaults:1 | Reached skill level 21 in Fighting
 38638 | Vaults:1 | Reached XP level 20. HP: 230/237 MP: 28/28
 38778 | Vaults:1 | Received a gift from Okawaru
 39583 | Vaults:2 | Found a staircase to the Crypt.
 39864 | Vaults:2 | Received a gift from Okawaru
 40014 | Vaults:2 | Found Bilos's Magic Scroll Shop.
 40358 | Vaults:2 | Received a gift from Okawaru
 40931 | Vaults:3 | Reached skill level 22 in Fighting
 41074 | Vaults:3 | Noticed Mennas
 41102 | Vaults:3 | Killed Mennas
 41102 | Vaults:3 | Received a gift from Okawaru
 41258 | Vaults:3 | Found Cenuju's Antique Armour Shop.
 41267 | Vaults:3 | Bought a pair of embroidered boots for 285 gold pieces
 41579 | Vaults:3 | Received a gift from Okawaru
 41584 | Vaults:3 | Reached skill level 15 in Evocations
 41616 | Vaults:3 | Reached XP level 21. HP: 250/250 MP: 29/29
 41733 | Vaults:3 | Identified the granite talisman "Giodghear" {Fly rF+ rC+
                  | Str-3}
 41845 | Vaults:3 | Found Qatimm's Jewellery Shop.
 42051 | Vaults:3 | Found Ullihuerr's Assorted Antiques.
 42058 | Vaults:3 | Bought a scroll of teleportation for 132 gold pieces
 42058 | Vaults:3 | Bought a potion of heal wounds for 220 gold pieces
 42885 | Vaults:4 | Received a gift from Okawaru
 42951 | Vaults:4 | Reached skill level 23 in Fighting
 43123 | Vaults:4 | Noticed Sojobo
 43142 | Vaults:4 | Killed Sojobo
 43492 | Vaults:4 | Acquired 697 gold pieces
 43673 | Vaults:4 | Received a gift from Okawaru
 44112 | Depths:1 | Entered Level 1 of the Depths
 44161 | Depths:1 | Found a one-way gate leading to the halls of Pandemonium.
 44324 | Depths:1 | Noticed Nikola
 44347 | Depths:1 | Killed Nikola
 44818 | Depths:1 | Found a sacrificial altar of Ru.
 44892 | Depths:1 | Received a gift from Okawaru
 45665 | Depths:2 | Found a gateway to Hell.
 45911 | Depths:2 | Reached XP level 22. HP: 237/266 MP: 30/30
 45936 | Depths:2 | Identified the ring "Otopuru" {rC+ Will+ Dex+2}
 46067 | Depths:2 | Noticed Saint Roka
 46096 | Depths:2 | Killed Saint Roka
 46096 | Depths:2 | Received a gift from Okawaru
 46097 | Depths:2 | Reached skill level 24 in Fighting
 46122 | Depths:2 | Identified the ring of Ibrev {Fly rC+ rN+}
 46123 | Depths:2 | Identified the +6 ice dragon scales of Impressiveness {rF-
                  | rC++ rCorr Str+2 Int+4}
 46123 | Depths:2 | Noticed a caustic shrike
 46138 | Depths:2 | Killed a caustic shrike
 46387 | Depths:2 | Received a gift from Okawaru
 46391 | Depths:2 | Got the Cyclopedia of the Clam
 46394 | Depths:2 | Got Experienced Mystic Understanding
 46522 | Depths:2 | Found a one-way gateway to a ziggurat.
 46522 | Depths:2 | Noticed an ancient lich
 46543 | Depths:2 | Killed an ancient lich
 46786 | Depths:2 | Found a corrupted altar of Lugonu.
 46787 | Depths:2 | Found a one-way gate to the infinite horrors of the Abyss.
 47278 | Depths:3 | Received a gift from Okawaru
 47306 | Depths:3 | Noticed a caustic shrike
 47319 | Depths:3 | Killed a caustic shrike
 47436 | Depths:3 | Noticed a golden dragon
 47436 | Depths:3 | Noticed a juggernaut
 47449 | Depths:3 | Killed a juggernaut
 47462 | Depths:3 | Killed a golden dragon
 47472 | Depths:3 | Noticed a golden dragon
 47489 | Depths:3 | Killed a golden dragon
 47541 | Abyss:2  | Cast into level 2 of the Abyss (spriggan defender)
 47720 | Abyss:2  | Reached skill level 25 in Fighting
 47856 | Abyss:3  | Received a gift from Okawaru
 47896 | Abyss:3  | Found a corrupted altar of Lugonu.
 47909 | Abyss:3  | Found a corrupted altar of Lugonu.
 47914 | Abyss:3  | Found a corrupted altar of Lugonu.
 47914 | Abyss:3  | Found a corrupted altar of Lugonu.
 47953 | Abyss:3  | Gained mutation: [You are vulnerable to heat. (rF-)] [a
                  | cacodemon]
 48000 | Abyss:3  | Gained mutation: [You occasionally lose the ability to read
                  | scrolls when taking damage.] [a neqoxec]
 48001 | Abyss:3  | Gained mutation: You have hidden genetic defects. [a
                  | neqoxec]
 48008 | Abyss:3  | Paralysed by accursed screaming for 1 turns
 48043 | Abyss:3  | Paralysed by accursed screaming for 1 turns
 48359 | Abyss:3  | Paralysed by accursed screaming for 2 turns
 48364 | Abyss:3  | Paralysed by accursed screaming for 1 turns
 48379 | Abyss:3  | Paralysed by accursed screaming for 1 turns
 48406 | Abyss:3  | Paralysed by accursed screaming for 1 turns
 48409 | Depths:3 | Escaped the Abyss
 48417 | Depths:3 | HP: 3/271 [living spell/divine providence[a walking divine
                  | tome] (15)]
 48419 | Depths:3 | Killed from afar by a living spell

Illustrated notes

Levels and vault maps discovered:
D:1:      evilmike_arrival_hilbert_curve, layout_basic, serial_shops,
          nicolae_shop_waterfront, shapermc_ecumenical_altar_petra
D:2:      cheibrodos_pilgrimage, layout_loops_ring, serial_shops, shop, shop,
          nicolae_shop_overgrown_old_shop, nicolae_shop_just_a_little_nook
D:3:      minmay_skewed_foursquare, layout_basic, amcnicky_altar_gilded,
          mainiacjoe_overflow_small_starburst, portal_sewer_entry_e,
          uniq_jessica, uniq_sigmund
D:4:      layout_layer_cave, mainiacjoe_overflow_chevrons,
          minmay_temple_entry_from_below_b, corexii_corridor_pit,
          grunt_ministairs_2, chequers_arboretum, uniq_menkaure
D:5:      minmay_clustersquares, layout_basic, nicolae_ossuary_entry_plus
D:6:      layout_basic, marbit_many_paths, overflow_temple_1_default,
          uniq_jeremiah
D:7:      layout_cave_pools, mainiacjoe_overflow_alcove_4,
          hellmonk_ghost_happy_afterlife, kennysheep_generic_room_13
D:8:      layout_cave_pods, nicolae_qazlal_scattered_showers,
          nemelex_spade_bored_becter, erik_lair_island, serial_gnoll_camp,
          gnoll_camp_mini_hut, gnoll_camp_mini_hut, gnoll_camp_mini_hut,
          gnoll_camp_mini_doghouse, gnoll_camp_mini_shop,
          chequers_serial_rivers_micro_c, uniq_maggie
D:9:      layout_basic, lemuel_doored_altar, enter_bailey_4,
          nicolae_two_hexagons
D:10:     layout_small_grid, lightli_temple_of_fire, orc_0_dummy,
          lightli_corner_chamber
D:11:     layout_loops_corners, uniq_snorg, uniq_sonja, uniq_erolcha,
          uniq_psyche
D:12:     layout_roguey
D:13:     layout_loops_corners, nzn_wu_jian_council_hall
D:14:     layout_basic, ximxim_vaults_locker_room, serial_corexii_hall,
          chequers_hall_statues_y, corexii_hall_statues_u, skrybe_limestone_x
D:15:     grunt_enter_depths_snipers, layout_grid_maze, minmay_hedge_maze,
          grunt_ministairs_2
Lair:1:   layout_cave_pods, gauntlet_entry_generic, uniq_urug
Lair:2:   layout_roguey, elwin_shoals_entry_rooms, spider_nest_entry_web_field,
          uniq_amaemon, uniq_harold
Lair:3:   layout_gridlike
Lair:4:   layout_regular_city, gammafunk_ghost_cemetery, lemuel_fruit_tree
Lair:5:   minmay_lair_end_frog_pond, layout_regular_city,
          dpeg_slime_entry_corner
Shoals:1: layout_shoals, gammafunk_ghost_wrathful_warriors, lemuel_oklob_altar
Shoals:2: layout_shoals, nicolae_shop_unique_rings, uniq_ilsuiw
Shoals:3: layout_shoals
Shoals:4: shoals_end_hellmonk_lost_city
Spider:1: layout_spider_delve
Spider:2: layout_spider_delve, uniq_roxanne, uniq_arachne
Spider:3: layout_spider_delve, hangedman_spider_tarantella_strand, uniq_donald
Spider:4: hellmonk_spider_rune_endless_swarm, drop_trap,
          nicolae_spider_wall_of_niches, uniq_agnes
Orc:1:    cheibrodos_orc_arena, layout_diamond_mine, nicolae_orc_minecarts
Orc:2:    grunt_orc_gardens, layout_caves, grunt_orc_garden, grunt_orc_garden,
          grunt_orc_garden, grunt_orc_garden, serial_shops,
          nicolae_shop_tiny_real_fake_doors
Elf:1:    elf_arrival_001, layout_loops_ring, serial_shops,
          nicolae_shop_overgrown_old_shop, kilobyte_rumbling_trees,
          bh_hangedman_babel_library
Elf:2:    elven_hall_of_blades_hangedman_original
          [infiniplex_blade_entry_pillars], layout_geoelf_grid, uniq_aizul
Elf:3:    minmay_elf_hall_quartered_circle, layout_geoelf_castle, serial_shops,
          bzr_entry_customers, nicolae_shop_tiny_waterfront, uniq_louise
Vaults:1: v_pattern_2, vaults_mumra_lcd, nicolae_vaults_shock_wave, v_misc_32,
          vaults_room_grunt_arrival_ludios, nicolae_vaults_closet_pinwheel_5,
          v_misc_30, v_misc_5, vaults_room_stairs_pillars,
          nicolae_vaults_ring_of_whatevers, nicolae_vaults_diamond_1,
          layout_vaults_omnigrid
Vaults:2: minmay_crypt_entry_simple_round, nicolae_vaults_yaktaur_gun_rack,
          nicolae_vaults_network_barrier, v_misc_15, vaults_room_octagon,
          hangedman_vaults_variations, nicolae_vaults_door_testing_chamber,
          nicolae_vaults_tetromino_T_2, dpeg_vaults_monster_box,
          nicolae_vaults_trapezoid_2, v_pattern_5, layout_vaults_omnicross,
          serial_shops, shop
Vaults:3: grunt_vaults_twisty, v_alt_pattern_2, nicolae_vaults_network_s,
          v_misc_14, hangedman_vaults_trim, v_pattern_1, v_misc_3,
          nicolae_vaults_storage_room_glass, nicolae_vaults_tetromino_Z_2,
          nicolae_vaults_double_plus_2, vaults_room_pools,
          nicolae_vaults_security_offices_4, layout_vaults_big_room,
          serial_shops, nicolae_diamond_shop, nicolae_shop_tiny_statue_garden,
          nicolae_square_shop, uniq_mennas
Vaults:4: ontoclasm_vaults_loading_screen, vaults_mumra_minichess_inversion,
          hangedman_vaults_restitches, vaults_room_fours,
          vaults_standard_mumra_x, ontoclasm_vaults_ring_large, v_misc_27,
          serial_library_hellmonk_open_cross, vaults_room_boxed,
          nicolae_vaults_apartment_2, nicolae_vaults_tetromino_T_2,
          nicolae_vaults_shelves_hall, layout_vaults_ring, uniq_sojobo
Depths:1: layout_gridlike, nicolae_ru_sacrificial_ziggurat,
          grunt_hell_entry_dis_grunt, serial_curves, eino_curves_04,
          eino_curves_02, grunt_pan_entry_sceptre, ice2_lemuel, uniq_nikola
Depths:2: minmay_the_grid_octo_tiled_squarecenter [minmay_the_grid_octo_teeth,
          minmay_the_grid_octo_fan_narrow, minmay_the_grid_octo_chip,
          minmay_the_grid_octo_concentric,
          minmay_the_grid_square_5x5_megaprize_open,
          minmay_the_grid_square_5x5_slash,
          minmay_the_grid_square_5x5_hollow_slash,
          minmay_the_grid_square_5x5_gyroscope,
          minmay_the_grid_square_5x5_inner_z], layout_basic, enter_ziggurat_c,
          hangedman_coc_ice_floe, abyss_entry_flame_altar,
          rand_demon_pan_entry_3, grunt_decor_junction, uniq_saint_roka
Depths:3: minmay_bad_star, layout_cross, nicolae_hell_entry_big_baal_hell,
          abyss_entry_crystal, drop_trap, serial_bayou_lake_a

Skill      XL: |  1  2  3  4  5  6  7  8  9 10 11 12 13 14 15 16 17 18 19 20 21 22 |
---------------+-------------------------------------------------------------------+-----
Axes           | 3 4 5 |  5.9
Maces & Flails | 2 5 7 9 10 12 14 15 | 15.5
Armour         | 5 7 8 10 12 14 15 16 17 18 19 20 | 20.1
Fighting       | 5 7 8 10 13 15 17 18 19 21 22 23 25 | 25.1
Invocations    | 8 10 | 10.7
Shields        | 8 11 15 16 17 18 19 20 | 20.0
Evocations     | 2 7 9 11 12 13 15 16 17 | 17.2
Air Magic      | 1 9 10 | 10.0

Action                     |  1- 3 |  4- 6 |  7- 9 | 10-12 | 13-15 | 16-18 | 19-21 | 22-24 || total
---------------------------+-------+-------+-------+-------+-------+-------+-------+-------++-------
  Melee: War axe           |   104 |    12 |       |       |       |       |       |       ||   116
         Eveningstar       |       |   123 |   300 |   650 |  1650 |  2198 |  2320 |   518 ||  7759
         Sacred scourge    |       |       |       |       |       |       |    30 |   271 ||   301
   Fire: Sling             |     6 |    29 |       |       |       |       |       |       ||    35
  Throw: Stone             |       |     5 |       |     1 |       |       |       |       ||     6
         Boomerang         |       |       |       |       |     5 |     3 |       |       ||     8
         Dart              |       |       |       |       |     1 |       |       |       ||     1
   Cast: Swiftness         |       |       |       |       |       |     3 |       |       ||     3
 Invoke: Heroism           |       |       |       |     1 |       |     1 |     1 |       ||     3
         Receive Weapon    |       |       |       |     1 |       |       |       |       ||     1
         Receive Armour    |       |       |       |     1 |       |       |       |       ||     1
         Finesse           |       |       |       |       |     6 |     8 |     5 |     1 ||    20
  Evoke: Wand              |       |     2 |       |    11 |     4 |     9 |     3 |     3 ||    32
         Phial of floods   |       |       |     1 |       |       |     2 |     2 |       ||     5
         Condenser vane    |       |       |       |       |     3 |     5 |     4 |     2 ||    14
         Lightning rod     |       |       |       |       |       |       |    11 |       ||    11
    Use: Scroll            |     5 |     9 |     4 |     6 |     6 |    15 |     3 |     3 ||    51
         Potion            |     1 |     3 |     3 |     1 |       |    13 |     1 |       ||    22
 Armour: Scale mail        |    15 |       |       |       |       |       |       |       ||    15
         Chain mail        |    79 |   162 |    19 |       |       |       |       |       ||   260
         Plate armour      |       |       |   190 |   393 |       |       |       |       ||   583
         Crystal plate arm |       |       |       |   255 |  1776 |  2319 |  2017 |   412 ||  6779
  Dodge: Dodged            |    35 |    63 |    72 |   160 |   346 |   333 |   302 |    69 ||  1380
  Block: Buckler           |    17 |    48 |    48 |   140 |   345 |       |       |       ||   598
         Tower shield      |       |       |       |       |   336 |  2579 |  2834 |   639 ||  6388

Table legend: (Time is in decaauts)
 A = Elapsed time spent in this place.
 B = Non-inter-level travel time spent in this place.
 C = Inter-level travel time spent in this place.
 D = Time resting spent in this place.
 E = Time spent auto-exploring this place.
 F = Levels seen in this place.
 G = Mean time per level.
                   A        B        C        D        E       F      G
               +--------+--------+--------+--------+--------+-----+--------+
         Total |  47264 |  43837 |   3427 |   1626 |  27890 |  47 | 1005.6 |
       Dungeon |  15994 |  14252 |   1742 |    506 |  10654 |  15 | 1066.3 |
          Lair |   5165 |   4684 |    481 |     31 |   3425 |   5 | 1033.0 |
        Shoals |   3381 |   3173 |    208 |    131 |   1629 |   4 |  845.2 |
   Spider Nest |   5154 |   5048 |    106 |    105 |   2964 |   4 | 1288.5 |
  Orcish Mines |   2086 |   1909 |    177 |    294 |    970 |   2 | 1043.0 |
   Elven Halls |   3061 |   2819 |    242 |    104 |   1417 |   3 | 1020.3 |
        Vaults |   6129 |   5779 |    350 |     42 |   3639 |   4 | 1532.2 |
        Depths |   3198 |   3081 |    117 |    256 |   1585 |   3 | 1066.0 |
         Abyss |    754 |    754 |      0 |      0 |    318 |   2 |  377.0 |
        Bazaar |    131 |    131 |      0 |      0 |     41 |   1 |  131.0 |
         Sewer |    842 |    842 |      0 |      0 |    556 |   1 |  842.0 |
       Ossuary |    422 |    422 |      0 |     79 |    235 |   1 |  422.0 |
        Bailey |    411 |    411 |      0 |     75 |    137 |   1 |  411.0 |
      Gauntlet |    529 |    529 |      0 |      3 |    318 |   1 |  529.0 |
               +--------+--------+--------+--------+--------+-----+--------+

Top non-repeatable levels by time:
Spider:4: 1955 daAuts
Vaults:1: 1774 daAuts
    D:14: 1698 daAuts
   Elf:3: 1586 daAuts
Vaults:2: 1550 daAuts
     D:1: 1523 daAuts
Vaults:4: 1463 daAuts
Spider:2: 1448 daAuts
Depths:2: 1401 daAuts
Depths:1: 1400 daAuts
Vaults:3: 1341 daAuts
     D:8: 1320 daAuts
     D:6: 1269 daAuts
   Orc:1: 1206 daAuts
    D:13: 1161 daAuts
